 Dungeon Crawl Stone Soup version 0.28.0-1-gb440e238dd (webtiles) character file.

Game seed: 15403907122196239541

349 hikkokomori the Digger (level 6, -1/35 HPs)
             Began as a Gargoyle Earth Elementalist on Feb 26, 2022.
             Killed from afar by an orc wizard (5 damage)
             ... with a magic dart
             ... on level 4 of the Dungeon.
             The game lasted 00:07:35 (3980 turns).

hikkokomori the Digger (GrEE)                       Turns: 3980, Time: 00:07:35

Health: -1/35      AC: 11    Str: 14    XL:     6   Next: 60%
Magic:  4/12       EV: 12    Int: 15    God:
Gold:   133        SH:  0    Dex: 16    Spells: 7/13 levels left

rFire   . . .      SeeInvis .   a - +0 long sword
rCold   . . .      Faith    .   (no shield)
rNeg    + . .      Spirit   .   b - +0 robe
rPois   ∞          Reflect  .   k - +1 helmet
rElec   +          Harm     .   (no cloak)
rCorr   .          Rampage  .   (no gloves)
Will    .....                   s - +2 pair of boots {Fly}
Stlth   ++........              (no amulet)
HPRegen 0.11/turn               p - +6 ring of dexterity
MPRegen 0.13/turn               (no ring)

@: flying
A: sickness immunity, AC +4, negative energy resistance 1, electricity
resistance, torment resistance 1, petrification resistance
a: no special abilities


You were on level 4 of the Dungeon.
You visited 1 branch of the dungeon, and saw 4 of its levels.

You collected 133 gold pieces.

Inventory:

Hand Weapons
 a - a +0 long sword (weapon)
 q - a +0 rapier
Missiles
 c - 49 stones
Armour
 b - a +0 robe (worn)
 k - a +1 helmet (worn)
 l - +0 storm dragon scales
 s - a +2 pair of boots of flying (worn)
Jewellery
 p - a +6 ring of dexterity (left hand)
Scrolls
 d - 2 scrolls of identify {unknown}
 g - a scroll of amnesia {unknown}
 h - a scroll of holy word {unknown}
 i - a scroll of noise {unknown}
 r - 2 scrolls of enchant weapon {unknown}
Potions
 e - a potion of cancellation {unknown}
 f - a potion of brilliance {unknown}
 j - 3 potions of degeneration {unknown}
 m - 2 potions of attraction {unknown}
 n - 2 potions of resistance
 o - 2 potions of haste {unknown}


   Skills:
 + Level 2.3 Fighting
 - Level 1.5 Dodging
 - Level 2.1 Stealth
 + Level 4.0 Spellcasting
 + Level 2.3 Conjurations
 - Level 0.7 Transmutations
 + Level 5.9 Earth Magic


You had 7 spell levels left.
You knew the following spells:

 Your Spells              Type           Power      Damage    Failure   Level
a - Sandblast             Erth           40%        2d10      1%          1
b - Passwall              Tmut/Erth      10%        N/A       7%          2
c - Stone Arrow           Conj/Erth      30%        3d8       10%         3

Your spell library contained the following spells:

 Spells                   Type           Power      Damage    Failure   Level
 Petrify                  Tmut/Erth      13%        N/A       41%         4
 Gell's Gravitas          Tloc           3%         N/A       47%         3
 Lesser Beckoning         Tloc           3%         N/A       47%         3
 Teleport Other           Tloc           3%         N/A       47%         3


Dungeon Overview and Level Annotations

Branches:
Dungeon (4/15)
 Temple: D:4-7

Altars:
Okawaru
Qazlal

Shops:
D:1 *=

Annotations:
D:4 3 runed translucent doors, croobank's ghost, amateur GnFE


Innate Abilities, Weirdness & Mutations

You are immune to sickness and miasma.
Your stone body is resilient. (AC +4)
You are immune to poison.
You resist negative energy. (rN+)
You are resistant to electric shocks. (rElec)
You are resistant to unholy torment.
You are immune to petrification.


Message History

The orc priest hits you with a +2 vorpal flail.
A gnoll comes into view. It is wielding a +0 flail.
The orc priest invokes the aid of Beogh against you.
Beogh smites you!
* * * LOW HITPOINT WARNING * * *
Unknown command.
Casting: Sandblast (safe; 1% risk of failure)
Confirm with . or Enter, or press ? or * to list all spells.
Aiming: Sandblast (safe; 1% risk of failure)
Press: ? - help, Shift-Dir - straight line, f/p - orc priest
Aim: an orc priest, wielding a +2 vorpal flail and wearing a +2 scale mail of positive energy (almost dead, 83% to hit)
The blast of sand hits the orc priest!
You kill the orc priest!
Unknown command.
Items here: )))) [[[ †††.
Items here: )) [ ††.
A gnoll comes into view. It is wielding a +0 flail.
Casting: Sandblast (safe; 1% risk of failure)
Confirm with . or Enter, or press ? or * to list all spells.
Aiming: Sandblast (safe; 1% risk of failure)
Press: ? - help, Shift-Dir - straight line, f - gnoll
Aim: a gnoll, wielding a +0 flail (83% to hit)
You miscast Sandblast.
You are very lightly contaminated with residual magic.
Nothing appears to happen.
The gnoll hits you but does no damage.
Your magical contamination has completely faded away.
The gnoll hits you but does no damage. The gnoll hits you with a +0 flail.
* * * LOW HITPOINT WARNING * * *
The gnoll hits you but does no damage.
You see here a +0 battleaxe.
The gnoll barely misses you. The gnoll hits you but does no damage.
An orc comes into view. It is wielding a +0 short sword.
A bullfrog skeleton comes into view.
The orc wizard shouts!
A hound comes into view.
The orc wizard casts a spell at you. The magic dart hits you.
You die...

...# ##........)#####..##!
..... #.........<.###...#..
.....##..gg...)...##....#.#
.........#..##)...#.....###
........######)............
........g# #...##........
........g## ##.####.......
#.........## #..####......
###...Z...@# ..###........
...o...o#..#...##....##...
....#....#......##.........
#.#####........####........
...........##..##..#.
...#...........###.###
..h.#............##..#
#.#.#........##.###
..........##..##


You could see an orc wizard, 2 gnolls, an orc (wandering) and a bullfrog
skeleton.

Vanquished Creatures
  A black bear (D:4)
  An ogre (D:4)
  2 orc priests (D:4)
  5 adders
  10 orcs
  4 ball pythons
  8 endoplasms
  2 giant cockroaches (D:1)
  3 goblins
  2 hobgoblins
  6 jackals
  2 quokkas (D:2)
  6 bats
  4 frilled lizards
  3 kobolds
  5 rats
64 creatures vanquished.

Vanquished Creatures (others)
  A bat (D:3)
  4 plants (D:2)
5 creatures vanquished.

Grand Total: 69 creatures vanquished

Notes
Turn   | Place    | Note
-------+----------+-------------------------------------------
     0 | D:1      | hikkokomori the Gargoyle Earth Elementalist began the quest
                  | for the Orb.
     0 | D:1      | Reached XP level 1. HP: 10/10 MP: 3/3
    18 | D:1      | Found Bedig's General Store.
   122 | D:1      | Reached XP level 2. HP: 5/15 MP: 0/5
   371 | D:1      | Reached skill level 4 in Earth Magic
   923 | D:1      | Found Viusiyca's Jewellery Emporium.
  1094 | D:2      | Reached XP level 3. HP: 9/19 MP: 6/6
  2030 | D:2      | Found a faded altar of an unknown god.
  2244 | D:3      | Reached XP level 4. HP: 12/24 MP: 6/8
  2431 | D:3      | Reached skill level 5 in Earth Magic
  2490 | D:3      | Found an iron altar of Okawaru.
  2720 | D:3      | Found a stormy altar of Qazlal.
  3050 | D:3      | Learned a level 2 spell: Passwall
  3054 | D:3      | Learned a level 3 spell: Stone Arrow
  3128 | D:4      | Noticed an ogre
  3151 | D:4      | Killed an ogre
  3152 | D:4      | Reached skill level 1 in Fighting
  3152 | D:4      | Reached skill level 1 in Conjurations
  3152 | D:4      | Reached XP level 5. HP: 7/29 MP: 6/10
  3437 | D:4      | Noticed a black bear
  3450 | D:4      | Killed a black bear
  3451 | D:4      | Reached XP level 6. HP: 3/35 MP: 11/11
  3870 | D:4      | Found a runed translucent gate.
  3870 | D:4      | Found a runed translucent gate.
  3870 | D:4      | Found a runed translucent gate.
  3870 | D:4      | Noticed croobank's ghost (amateur GnFE)
  3980 | D:4      | Killed from afar by an orc wizard

Illustrated notes

Levels and vault maps discovered:
D:1:      shiori_arrival_oz, layout_basic, serial_shops, shop_statue, shop,
          st_stairs_14
D:2:      layout_loops_ring, dilly_ecumenical_altar_fadedgnrine,
          corexii_hall_statues_l
D:3:      layout_loops_cross, nicolae_qazlal_eye_of_the_storm,
          mainiacjoe_overflow_tiny_flanked
D:4:      layout_cave_pools, gammafunk_ghost_necromancy, hangedman_decor_lopped,
          minmay_stone_trees_small

Skill      XL: |  1  2  3  4  5  6 |
---------------+-------------------+-----
Earth Magic    | 4 5 |  5.9
Spellcasting   | 3 4 |  4.0
Fighting       | 1 2 |  2.3
Conjurations   | 1 2 |  2.3
Dodging        | |  1.5
Stealth        | |  2.1
Transmutations | |  0.7

Action                   |  1- 3 |  4- 6 || total
-------------------------+-------+-------++-------
Melee: Long sword        |   137 |    56 ||   193
       Punch             |     2 |       ||     2
 Cast: Sandblast         |    17 |    28 ||    45
 Stab: Sleeping          |     4 |       ||     4
Armor: Robe              |    78 |    21 ||    99
       Storm dragon scal |       |    42 ||    42
Dodge: Dodged            |    97 |    35 ||   132
